 Dungeon Crawl Stone Soup version 0.23.2-33-g5129a83184 (webtiles) character file.

Game seed: 1663096610282062424

699 Artanis the Chopper (level 7, -9/62 HPs)
             Began as a Hill Orc Fighter on June 27, 2019.
             Mangled by an ogre
             ... wielding a +0 giant spiked club
              (16 damage)
             ... on level 4 of the Dungeon.
             The game lasted 00:19:13 (4610 turns).

Artanis the Chopper (Hill Orc Fighter)              Turns: 4610, Time: 00:19:13

Health: -9/62      AC: 10    Str: 21    XL:     7   Next: 65%
Magic:  7/7        EV:  7    Int: 11    God:
Gold:   198        SH:  9    Dex: 10    Spells: 6/6 levels left

rFire    + . .     SeeInvis .   a - +0 war axe
rCold    x . .     Gourm    .   c - +0 shield
rNeg     . . .     Faith    .   b - +0 scale mail
rPois    .         Spirit   .   n - +1 helmet {Int+3}
rElec    .         Reflect  .   d - +0 cloak
rCorr    .         Harm     .   (no gloves)
MR       .....                  (no boots)
Stlth    ..........             (no amulet)
HPRegen  0.20/turn              j - ring of wizardry
MPRegen  0.10/turn              A - ring of fire

@: no status effects
A: no striking features
a: no special abilities


You were on level 4 of the Dungeon.
You were hungry.

You visited 1 branch of the dungeon, and saw 4 of its levels.

You collected 198 gold pieces.

Inventory:

Hand Weapons
 a - a +0 war axe (weapon)
 e - a +0 mace
 y - a +0 hunting sling
Missiles
 r - 61 sling bullets
Armour
 b - a +0 scale mail (worn)
 c - a +0 shield (worn)
 d - a +0 cloak (worn)
 n - a +1 helmet of intelligence (worn)
Jewellery
 j - a ring of wizardry (left hand)
 A - a ring of fire (right hand)
Wands
 s - a wand of scattershot (5)
Scrolls
 h - a scroll of identify
 i - 3 scrolls of teleportation
 l - a scroll of amnesia {unknown}
 o - a scroll of fog {unknown}
 p - 2 scrolls of remove curse {unknown}
 t - a scroll of enchant weapon {unknown}
 w - a scroll of magic mapping {unknown}
 C - a scroll of random uselessness {unknown}
Potions
 g - a potion of lignification {unknown}
 k - a potion of haste {unknown}
 m - a potion of invisibility {unknown}
 q - a potion of ambrosia {unknown}
 u - a potion of degeneration {unknown}
 v - a potion of curing {unknown}
 x - a potion of berserk rage {unknown}
 B - 2 potions of heal wounds {unknown}
 D - a potion of mutation {unknown}
Comestibles
 f - 6 rations
 z - 4 chunks of flesh


   Skills:
 + Level 5.7 Fighting
 * Level 7.7 Axes
 + Level 5.4 Armour
 - Level 0.7 Dodging
 - Level 0.1 Stealth
 - Level 3.9 Shields


You had 6 spell levels left.
You didn't know any spells.
Your spell library contained the following spells:

 Spells                   Type           Power        Failure   Level  Hunger
 Magic Dart               Conj           #...         80%         1    ##.....
 Blink                    Tloc           N/A          89%         2    ###....
 Call Imp                 Summ           #.......     89%         2    ###....
 Slow                     Hex            #.......     89%         2    ###....
 Conjure Flame            Conj/Fire      #.......     98%         3    ####...
 Mephitic Cloud           Conj/Pois/Air  #.......     98%         3    ####...


Dungeon Overview and Level Annotations

Branches:
Dungeon (4/15)
 Temple: D:4-7

Altars:
Xom

Annotations:
D:4 3 runed translucent doors, Ashiichan's ghost, amateur GrFE


Message History

You hit the ogre.
The ogre is lightly wounded.
You slash the ogre!
The ogre is heavily wounded.
The ogre hits you with a +0 giant spiked club!!
Your shield and scale mail prevent you from hitting the ogre.
The ogre is heavily wounded.
The ogre hits you with a +0 giant spiked club!
* * * LOW HITPOINT WARNING * * *
Your shield prevents you from hitting the ogre.
The ogre is heavily wounded.
The ogre hits you with a +0 giant spiked club!
* * * LOW HITPOINT WARNING * * *
Okay, then.
Okay, then.
You see here a hound skeleton.
Things that are here:
a +0 flail; a cursed +0 plate armour The ogre hits you with a +0 giant spiked club!
You die...

#...).#######....
#...#............
###############......####.....
##.....#.....######...# #.####
##.............#####.#.# ##.#
#................)...#.###..#
#.............).####.......##
#...............# ##....###
#..............@# #.#...#
#..............O#####.#.#...
##.............#......#.# #.
##.....#........######.
##############.######.#
###.....)... #...#####.#.
####.### #####....# .


You could see an ogre.

Vanquished Creatures
  2 ogres (D:4)
  A bullfrog (D:3)
  A howler monkey (D:4)
  A bullfrog skeleton (D:4)
  2 orc wizards (D:3)
  Crazy Yiuf (D:2)
  A centaur skeleton (D:4)
  2 hounds (D:4)
  A worker ant (D:4)
  A hound skeleton (D:4)
  6 adders
  An ooze (D:2)
  4 worms (D:2)
  4 dart slugs
  A leopard gecko (D:3)
  15 orcs
  3 giant cockroaches
  10 goblins
  11 hobgoblins
  4 jackals (D:2)
  9 kobolds
  3 quokkas
  2 ball pythons
  8 bats
  4 frilled lizards
  10 rats
108 creatures vanquished.

Notes
Turn   | Place    | Note
-------+----------+-------------------------------------------
     0 | D:1      | Artanis the Hill Orc Fighter began the quest for the Orb.
     0 | D:1      | Reached XP level 1. HP: 19/19 MP: 1/1
   154 | D:1      | Found a shimmering altar of Xom.
   211 | D:1      | Reached XP level 2. HP: 25/27 MP: 2/2
   387 | D:1      | Reached skill level 3 in Axes
   864 | D:1      | Reached XP level 3. HP: 32/33 MP: 3/3
  1350 | D:2      | Found a runed translucent door.
  1351 | D:2      | Noticed Crazy Yiuf
  1506 | D:2      | Reached skill level 4 in Axes
  1506 | D:2      | Reached XP level 4. HP: 32/40 MP: 4/4
  2318 | D:2      | Killed Crazy Yiuf
  2318 | D:2      | Reached XP level 5. HP: 37/46 MP: 5/5
  2886 | D:3      | Reached skill level 5 in Axes
  3208 | D:3      | Reached XP level 6. HP: 53/53 MP: 6/6
  3528 | D:3      | Reached skill level 6 in Axes
  3858 | D:4      | Reached skill level 5 in Fighting
  4107 | D:4      | Reached XP level 7. HP: 43/61 MP: 7/7
  4112 | D:4      | Reached skill level 5 in Armour
  4234 | D:4      | Reached skill level 7 in Axes
  4510 | D:4      | Noticed Ashiichan's ghost (amateur GrFE)
  4531 | D:4      | Found a runed translucent gate.
  4531 | D:4      | Found a runed translucent gate.
  4533 | D:4      | Found a runed translucent gate.
  4585 | D:4      | HP: 2/62 [ogre/+0 giant spiked club (10)]
  4610 | D:4      | Mangled by an ogre

Skill      XL: |  1  2  3  4  5  6  7 |
---------------+----------------------+-----
Axes           | 3 4 5 6 7 |  7.7
Fighting       | 4 5 |  5.7
Armour         | 4 5 |  5.4
Dodging        | |  0.7
Stealth        | |  0.1
Shields        | |  3.9

Action                   |  1- 3 |  4- 6 |  7- 9 || total
-------------------------+-------+-------+-------++-------
Melee: War axe           |   134 |   251 |    49 ||   434
  Use: Potion            |       |     1 |       ||     1
       Scroll            |       |     2 |       ||     2
  Eat: Chunk             |     2 |     9 |     1 ||    12
Armor: Scale mail        |    63 |   120 |    20 ||   203
Dodge: Dodged            |    36 |    54 |    15 ||   105
Block: Shield            |    49 |   139 |    23 ||   211
